 Dungeon Crawl Stone Soup version 0.27-a0-1525-g1038ab4fd7 (webtiles) character file.

Game seed: 4669249731439300008

197 hatdisgam the Chopper (level 5, 0/45 HPs)
             Began as a Hill Orc Fighter on July 11, 2021.
             Slain by an adder (4 damage)
             ... on level 3 of the Dungeon.
             The game lasted 00:02:23 (2523 turns).

hatdisgam the Chopper (Hill Orc Fighter)            Turns: 2523, Time: 00:02:23

Health: 0/45       AC:  6    Str: 20    XL:     5   Next: 75%
Magic:  5/5        EV:  9    Int:  8    God:
Gold:   90         SH:  9    Dex: 10    Spells: 4/4 levels left

rFire    . . .     SeeInvis .   a - +0 war axe
rCold    + . .     Faith    .   c - +0 kite shield
rNeg     . . .     Spirit   .   l - +3 leather armour {rC+}
rPois    .         Reflect  .   (no helmet)
rElec    .         Harm     .   (no cloak)
rCorr    .         Rampage  .   (no gloves)
Will     .....                  (no boots)
Stlth    +.........             (no amulet)
HPRegen  0.15/turn              (no ring)
MPRegen  0.09/turn              (no ring)

@: no status effects
A: no striking features
a: no special abilities


You were on level 3 of the Dungeon.
You visited 1 branch of the dungeon, and saw 3 of its levels.

You collected 90 gold pieces.

Inventory:

Hand Weapons
 a - a +0 war axe (weapon)
Missiles
 m - a throwing net (quivered)
Armour
 b - a +0 scale mail
 c - a +0 kite shield (worn)
 l - a +3 leather armour of cold resistance (worn)
Wands
 k - a wand of flame (16)
Scrolls
 i - a scroll of identify {unknown}
 n - a scroll of fear {unknown}
 o - a scroll of enchant armour {unknown}
Potions
 e - a potion of invisibility
 f - a potion of brilliance {unknown}
 h - a potion of flight {unknown}
 j - a potion of ambrosia {unknown}


   Skills:
 - Level 3.6 Fighting
 * Level 5.7 Axes
 - Level 3.2 Armour
 + Level 1.9 Dodging
 + Level 4.4 Shields


You had 4 spell levels left.
You didn't know any spells.
Your spell library was empty.

Dungeon Overview and Level Annotations

Branches:
Dungeon (3/15)

Altars:


Message History

The adder barely misses you.
You hit the adder.
The adder is moderately wounded.
You block the adder's attack. The adder bites you but does no damage.
You closely miss the adder.
The adder is moderately wounded.
The adder closely misses you. The adder barely misses you.
You completely miss the adder.
The adder is moderately wounded.
You block the adder's attack. The adder barely misses you.
You closely miss the adder.
The adder is moderately wounded.
You block the adder's attack. The adder barely misses you.
You miss the adder.
The adder is moderately wounded.
You block the adder's attack. The adder barely misses you.
You closely miss the adder.
The adder is moderately wounded.
The adder bites you.
* * * LOW HITPOINT WARNING * * *
The adder closely misses you.
You miss the adder.
The adder is moderately wounded.
The adder barely misses you.
You miss the adder.
The adder is moderately wounded.
The adder closely misses you. The adder barely misses you.
You barely miss the adder.
The adder is moderately wounded.
You block the adder's attack. x2
You barely miss the adder.
The adder is moderately wounded.
The adder barely misses you. You block the adder's attack.
You hit the adder but do no damage.
The adder is moderately wounded.
The adder bites you but does no damage. x2
You barely miss the adder.
The adder is moderately wounded.
The adder closely misses you. The adder bites you.
You die...

....# ...# ###
..# .... #
#.###..###
#..#####.........
#.........#######
#.####.#.........
#.##S#######
#.##@# ######
#.##.# .....#
#.##.#######
##.######
#...........
........#
####.#######
##.####.#
#........... #.#
#.# #.##.#######
#.# #.# #.##.#
#.# #.# #.##.#


You could see an adder.

Vanquished Creatures
  2 orc priests (D:3)
  Jessica (D:3)
  Ijyb (D:3)
  An orc wizard (D:3)
  A worm (D:3)
  A dart slug (D:3)
  7 orcs (D:3)
  2 ball pythons (D:3)
  2 bats
  2 endoplasms
  3 giant cockroaches
  2 goblins (D:1)
  3 hobgoblins
  8 jackals
  7 kobolds
  A quokka (D:1)
  A frilled lizard (D:1)
  5 rats
50 creatures vanquished.

Notes
Turn   | Place    | Note
-------+----------+-------------------------------------------
     0 | D:1      | hatdisgam the Hill Orc Fighter began the quest for the Orb.
     0 | D:1      | Reached XP level 1. HP: 19/19 MP: 1/1
    64 | D:1      | Reached skill level 3 in Axes
   161 | D:1      | Reached XP level 2. HP: 21/26 MP: 2/2
   467 | D:1      | Found a faded altar of an unknown god.
  1067 | D:2      | Reached XP level 3. HP: 30/31 MP: 3/3
  1339 | D:2      | Reached skill level 1 in Dodging
  1510 | D:3      | Noticed Ijyb
  1518 | D:3      | Killed Ijyb
  1519 | D:3      | Reached skill level 4 in Axes
  1519 | D:3      | Reached XP level 4. HP: 17/39 MP: 4/4
  1793 | D:3      | Noticed Jessica
  1796 | D:3      | Killed Jessica
  2053 | D:3      | Reached skill level 5 in Axes
  2053 | D:3      | Reached XP level 5. HP: 23/45 MP: 5/5
  2502 | D:3      | HP: 2/45 [adder (1)]
  2517 | D:3      | HP: 2/45 [adder (2)]
  2523 | D:3      | Slain by an adder

Illustrated notes

Levels and vault maps discovered:
D:1:      lightli_arrival_isolated_outpost, layout_basic,
          shapermc_ecumenical_altar_mp_ritualfount
D:2:      layout_rooms, serial_glass, glass_columns_a, glass_columns_c
D:3:      layout_basic, serial_park_tiny_1, uniq_ijyb, uniq_jessica

Skill      XL: |  1  2  3  4 |
---------------+-------------+-----
Axes           | 3 4 5 |  5.7
Dodging        | 1 |  1.9
Shields        | 4 |  4.4
Fighting       | |  3.6
Armour         | |  3.2

Action                   |  1- 3 |  4- 6 || total
-------------------------+-------+-------++-------
Melee: War axe           |    86 |    95 ||   181
  Use: Potion            |       |     5 ||     5
 Stab: Invisible         |       |     1 ||     1
Armor: Scale mail        |    46 |       ||    46
       Leather armour    |       |    26 ||    26
Dodge: Dodged            |    25 |    44 ||    69
Block: Kite shield       |    47 |    54 ||   101

Table legend: (Time is in decaauts)
 A = Elapsed time spent in this place.
 B = Non-inter-level travel time spent in this place.
 C = Inter-level travel time spent in this place.
 D = Time resting spent in this place.
 E = Time spent auto-exploring this place.
 F = Levels seen in this place.
 G = Mean time per level.
                   A        B        C        D        E       F      G
               +--------+--------+--------+--------+--------+-----+--------+
         Total |   2618 |   2560 |     58 |      0 |   2129 |   3 |  872.7 |
       Dungeon |   2618 |   2560 |     58 |      0 |   2129 |   3 |  872.7 |
               +--------+--------+--------+--------+--------+-----+--------+

Top non-repeatable levels by time:
     D:3: 1082 daAuts
     D:1: 889 daAuts
     D:2: 647 daAuts
